[Event "Vezerkepzo GM Christmas 2021"]
[Site "Budapest"]
[Date "2022.01.02"]
[Round "7.2"]
[White "Kojima, Shinya"]
[Black "Sahithi Varshini M"]
[Result "1-0"]
[ECO "E51"]
[WhiteElo "2392"]
[BlackElo "2216"]
[Annotator "ChessBase"]
[PlyCount "79"]
[EventDate "2021.12.26"]
[EventCountry "HUN"]
[SourceTitle "playchess.com"]
[Source "ChessBase"]
[SourceQuality "1"]
[TimeControl "40/5400+30:1800+30"]

1. d4 Nf6 2. c4 e6 3. Nc3 Bb4 4. Bd2 O-O 5. Nf3 d5 6. e3 Nbd7 7. Rc1 Re8 8. Qc2 c6 9. Be2 h6 10. O-O Bd6 11. Rfd1 Qe7 12. h3 dxc4 13. Bxc4 e5 14. Nh4 Nb6 15. Ng6 Qc7 16. Nxe5 Nxc4 17. Nxc4 Bh2+ 18. Kh1 b5 19. Na5 b4 20. Na4 Ne4 21. Bxb4 Bf5 22. Qe2 Bg3 23. Rxc6 Bxf2 24. Rxc7 Ng3+ 25. Kh2 Nxe2 26. Bd6 Rad8 27. Rf1 Bxe3 28. Nb7 Bd3 29. Rfxf7 Bxd4 30. Nxd8 Rxd8 31. Rfd7 Ra8 32. Nc3 Nxc3 33. bxc3 Bf6 34. Rxa7 Re8 35. Be7 Be5+ 36. Kh1 Be4 37. Rd8 Rxd8 38. Bxd8 Bxc3 39. Bb6 Kh7 40. a4 1-0

[Event "Vezerkepzo GM Christmas 2021"]
[Site "Budapest"]
[Date "2022.01.02"]
[Round "7.3"]
[White "Aditya Vikram Paul"]
[Black "Mihok, Oliver"]
[Result "0-1"]
[ECO "A40"]
[WhiteElo "2281"]
[BlackElo "2536"]
[Annotator "ChessBase"]
[PlyCount "102"]
[EventDate "2021.12.26"]
[EventCountry "HUN"]
[SourceTitle "playchess.com"]
[Source "ChessBase"]
[SourceQuality "1"]
[TimeControl "40/5400+30:1800+30"]

1. d4 g6 2. c4 Bg7 3. g3 c5 4. dxc5 Qc7 5. Bg2 Qxc5 6. Nd2 Nc6 7. Ngf3 Nf6 8. O-O O-O 9. Ne1 d6 10. Nd3 Qd4 11. c5 dxc5 12. Nb3 Qg4 13. Nbxc5 Rd8 14. Bf4 Qh5 15. Bc7 Re8 16. Rc1 e5 17. Rc4 Nd4 18. Re1 Bg4 19. f3 Bh6 20. Nf2 Be3 21. Rc3 Qh6 22. Qd3 Bf5 23. Qxe3 Qxe3 24. Rxe3 Nc2 25. Rxe5 Nxe1 26. Nxb7 Rac8 27. Rxe8+ Nxe8 28. Be5 Rc1 29. Bf1 Bc8 30. Na5 Nxf3+ 31. exf3 Ba6 32. Ne4 Rxf1+ 33. Kg2 Re1 34. Nc6 f5 35. Bc3 Re2+ 36. Nf2 Bb7 37. Nxa7 Nd6 38. a4 g5 39. h3 g4 40. hxg4 fxg4 41. Kg1 Bxf3 42. Nb5 Nxb5 43. axb5 h5 44. Nd3 h4 45. gxh4 g3 46. Ne5 Bd5 47. Ng4 Kf7 48. Ne5+ Ke6 49. Ng6 Kf5 50. h5 Kg5 51. b6 Rh2 0-1

[Event "Vezerkepzo GM Christmas 2021"]
[Site "Budapest"]
[Date "2022.01.02"]
[Round "7.4"]
[White "Leszko, Bence"]
[Black "Trost, Edvin"]
[Result "0-1"]
[ECO "A45"]
[WhiteElo "2253"]
[BlackElo "2271"]
[Annotator "ChessBase"]
[PlyCount "104"]
[EventDate "2021.12.26"]
[EventCountry "HUN"]
[SourceTitle "playchess.com"]
[Source "ChessBase"]
[SourceQuality "1"]
[TimeControl "40/5400+30:1800+30"]

1. d4 Nf6 2. Bf4 g6 3. e3 Bg7 4. Nc3 d5 5. Nb5 Na6 6. h4 h5 7. Nc3 Nb8 8. Nb5 Na6 9. Nh3 c6 10. Nc3 Nc7 11. Be5 O-O 12. f3 Bxh3 13. Rxh3 Nd7 14. Bxg7 Kxg7 15. Qd2 e5 16. O-O-O exd4 17. Qxd4+ Qf6 18. Qb4 b5 19. e4 Qf4+ 20. Kb1 Nf6 21. Qc5 Rfd8 22. g3 Qxf3 23. Be2 Nxe4 24. Qe7 Qf5 25. Nxe4 Qxe4 26. Qxc7 Qxe2 27. Rhh1 Qe6 28. Rhf1 Rd7 29. Qa5 d4 30. Rf4 Rad8 31. a4 Qc4 32. Rdf1 Re8 33. Re1 Rde7 34. Rxe7 Rxe7 35. Qd2 c5 36. b3 Qd5 37. axb5 Qh1+ 38. Ka2 Re1 39. b4 Ra1+ 40. Kb3 Qd5+ 41. c4 Qh1 42. Qc2 Rb1+ 43. Ka2 Rxb4 44. g4 Qxh4 45. Qe2 Qd8 46. b6 axb6 47. Qe5+ f6 48. Qe4 Qd7 49. Rf3 hxg4 50. Ra3 Ra4 51. Kb2 Rxa3 52. Qxg4 Qxg4 0-1

[Event "Vezerkepzo GM Christmas 2021"]
[Site "Budapest"]
[Date "2022.01.03"]
[Round "8.2"]
[White "Trost, Edvin"]
[Black "Ajay Krishna, S."]
[Result "0-1"]
[ECO "D39"]
[WhiteElo "2271"]
[BlackElo "2401"]
[Annotator "ChessBase"]
[PlyCount "74"]
[EventDate "2021.12.26"]
[EventCountry "HUN"]
[SourceTitle "playchess.com"]
[Source "ChessBase"]
[SourceQuality "1"]
[TimeControl "40/5400+30:1800+30"]

1. d4 d5 2. c4 e6 3. Nf3 Nf6 4. Nc3 Bb4 5. Bg5 dxc4 6. Qa4+ Nc6 7. e3 Bd7 8. Qc2 b5 9. a4 a6 10. Bxf6 gxf6 11. g3 Ba5 12. Qd2 b4 13. Nd1 b3 14. Nc3 Nb4 15. Bxc4 Nc2+ 16. Ke2 Nxa1 17. Rxa1 Rb8 18. Ra3 Bb4 19. Ra1 O-O 20. Bxb3 c5 21. Qd3 Bc6 22. Bc2 Bxf3+ 23. Kxf3 f5 24. Kg2 Ba5 25. dxc5 Rxb2 26. Ne2 Qc8 27. Qc4 Rb4 28. Qc3 Rxa4 29. Qb2 Rxa1 30. Qxa1 Qxc5 31. Bb3 Rb8 32. Qa2 Qc6+ 33. Kh3 Bd8 34. Nd4 Qb6 35. Bc4 a5 36. Ne2 Qb1 37. e4 fxe4 0-1

[Event "Vezerkepzo GM Christmas 2021"]
[Site "Budapest"]
[Date "2022.01.03"]
[Round "8.4"]
[White "Sahithi Varshini M"]
[Black "Aditya Vikram Paul"]
[Result "1-0"]
[ECO "D02"]
[WhiteElo "2216"]
[BlackElo "2281"]
[Annotator "ChessBase"]
[PlyCount "63"]
[EventDate "2021.12.26"]
[EventCountry "HUN"]
[SourceTitle "playchess.com"]
[Source "ChessBase"]
[SourceQuality "1"]
[TimeControl "40/5400+30:1800+30"]

1. d4 Nf6 2. Bf4 d5 3. Nf3 c5 4. e3 Bg4 5. Be2 e6 6. c3 Be7 7. Nbd2 O-O 8. O-O h6 9. Ne5 Bf5 10. h3 Nbd7 11. Bd3 Bxd3 12. Nxd3 c4 13. Ne5 Nxe5 14. dxe5 Nd7 15. Nf3 Nc5 16. Qe2 b5 17. Nd4 Qb6 18. Qh5 Kh7 19. g4 Nd3 20. g5 b4 21. Kh2 Nxf4 22. exf4 bxc3 23. bxc3 Qb2 24. gxh6 g6 25. Qf3 Qa3 26. Qg3 Bc5 27. Nf3 Kxh6 28. f5 exf5 29. Qh4+ Kg7 30. Qf6+ Kh6 31. Nh4 Kh7 32. Nxf5 1-0

[Event "Vezerkepzo GM Christmas 2021"]
[Site "Budapest"]
[Date "2022.01.03"]
[Round "8.5"]
[White "Nagy, Gabor"]
[Black "Kojima, Shinya"]
[Result "1-0"]
[ECO "D11"]
[WhiteElo "2527"]
[BlackElo "2392"]
[Annotator "ChessBase"]
[PlyCount "103"]
[EventDate "2021.12.26"]
[EventCountry "HUN"]
[SourceTitle "playchess.com"]
[Source "ChessBase"]
[SourceQuality "1"]
[TimeControl "40/5400+30:1800+30"]

1. c4 c6 2. d4 d5 3. Nf3 Nf6 4. e3 Bg4 5. h3 Bxf3 6. Qxf3 e6 7. Bd3 Nbd7 8. O-O Bd6 9. Nc3 O-O 10. Bd2 Re8 11. Rad1 Qe7 12. Qe2 dxc4 13. Bxc4 Nb6 14. Bd3 e5 15. dxe5 Bxe5 16. Rfe1 Nbd5 17. Nxd5 Nxd5 18. Bc1 g6 19. a3 Bc7 20. g3 Bb6 21. Kg2 h5 22. h4 Nf6 23. f3 Kg7 24. e4 Nd7 25. b4 Ne5 26. Bb2 Kg8 27. Bc2 Rad8 28. Bb3 Rxd1 29. Rxd1 Rd8 30. Rxd8+ Bxd8 31. Qe3 Qd6 32. Qd4 Bc7 33. f4 Qxd4 34. Bxd4 Nd7 35. Bxa7 Bb6 36. Bxb6 Nxb6 37. Kf3 Kg7 38. Ke3 Nd7 39. e5 Kf8 40. Ke4 Ke7 41. f5 Nf8 42. Bd1 Nd7 43. Kf4 Kf8 44. Bb3 f6 45. exf6 Nxf6 46. fxg6 Kg7 47. Bc2 Kh6 48. Ke5 Nd5 49. Kd6 Kg7 50. Be4 Nc3 51. Bd3 Nd5 52. b5 1-0

[Event "Vezerkepzo GM Christmas 2021"]
[Site "Budapest"]
[Date "2022.01.04"]
[Round "9.1"]
[White "Kojima, Shinya"]
[Black "Avinash Ramesh"]
[Result "1/2-1/2"]
[ECO "D91"]
[WhiteElo "2392"]
[BlackElo "2391"]
[Annotator "ChessBase"]
[PlyCount "111"]
[EventDate "2021.12.26"]
[EventCountry "HUN"]
[SourceTitle "playchess.com"]
[Source "ChessBase"]
[SourceQuality "1"]
[TimeControl "40/5400+30:1800+30"]

1. d4 Nf6 2. c4 g6 3. Nf3 Bg7 4. Nc3 d5 5. Bg5 dxc4 6. e4 c5 7. Bxc4 Qa5 8. O-O cxd4 9. Bb5+ Nc6 10. Qxd4 O-O 11. Bxc6 bxc6 12. e5 Nd7 13. Bxe7 Re8 14. Qh4 Nxe5 15. Nxe5 Qxe5 16. Rfe1 Qh5 17. Bf6 Rxe1+ 18. Rxe1 Qxh4 19. Re8+ Bf8 20. Bxh4 Bb7 21. Rxa8 Bxa8 22. Bg5 Bb7 23. Be3 a6 24. Kf1 f5 25. Ke2 Kf7 26. Na4 Bc8 27. Kd3 Be6 28. b3 Bd5 29. f3 Bd6 30. h3 Ke6 31. Bc5 Bh2 32. Bb6 Bd6 33. Bc5 Bh2 34. Bb4 Bg1 35. Bd2 c5 36. Be3 Bxe3 37. Kxe3 Kd6 38. Nb2 a5 39. h4 Ke5 40. Nd3+ Kd6 41. Nb2 Ke5 42. f4+ Kd6 43. g3 Kc6 44. Kd2 Kd6 45. Kc3 Kc7 46. Nd3 Kd6 47. Ne5 Kc7 48. Nd3 Kd6 49. Nf2 Be6 50. Nh3 Kc6 51. Ng5 Bg8 52. Nf3 Kd6 53. Ne5 Be6 54. Nf3 Bd5 55. Nd2 Be6 56. Nf3 1/2-1/2

[Event "Vezerkepzo GM Christmas 2021"]
[Site "Budapest"]
[Date "2022.01.04"]
[Round "9.2"]
[White "Aditya Vikram Paul"]
[Black "Nagy, Gabor"]
[Result "1/2-1/2"]
[ECO "A33"]
[WhiteElo "2281"]
[BlackElo "2527"]
[Annotator "ChessBase"]
[PlyCount "84"]
[EventDate "2021.12.26"]
[EventCountry "HUN"]
[SourceTitle "playchess.com"]
[Source "ChessBase"]
[SourceQuality "1"]
[TimeControl "40/5400+30:1800+30"]

1. d4 Nf6 2. c4 c5 3. Nf3 cxd4 4. Nxd4 Nc6 5. Nc3 Qb6 6. Nc2 e6 7. g3 d5 8. e3 dxc4 9. Bxc4 Be7 10. O-O O-O 11. e4 a6 12. Qe2 Nd7 13. Rb1 Qc7 14. a3 b5 15. Ba2 Bb7 16. Bf4 Nde5 17. Rfd1 Rad8 18. Rxd8 Rxd8 19. Rd1 h6 20. Qh5 Bf6 21. Kg2 Rxd1 22. Qxd1 Qd7 23. Qxd7 Nxd7 24. f3 Nde5 25. Bxe5 Bxe5 26. Kf2 Kf8 27. f4 Bc7 28. Ke3 Bb6+ 29. Kd3 Ke7 30. Ne2 Nb8 31. b4 Nd7 32. e5 f6 33. Ned4 fxe5 34. Nxe6 g6 35. Ne3 exf4 36. gxf4 Kd6 37. Ng4 h5 38. Ne3 Nf6 39. Ng5 Bxe3 40. Kxe3 Ng4+ 41. Kd4 Nxh2 42. Bf7 Nf3+ 1/2-1/2

[Event "Vezerkepzo GM Christmas 2021"]
[Site "Budapest"]
[Date "2022.01.04"]
[Round "9.3"]
[White "Leszko, Bence"]
[Black "Sahithi Varshini M"]
[Result "1/2-1/2"]
[ECO "A13"]
[WhiteElo "2253"]
[BlackElo "2216"]
[Annotator "ChessBase"]
[PlyCount "68"]
[EventDate "2021.12.26"]
[EventCountry "HUN"]
[SourceTitle "playchess.com"]
[Source "ChessBase"]
[SourceQuality "1"]
[TimeControl "40/5400+30:1800+30"]

1. Nf3 Nf6 2. c4 e6 3. g3 d5 4. Bg2 c6 5. O-O Bd6 6. b3 Nbd7 7. Bb2 O-O 8. d3 Qe7 9. Qc2 Re8 10. cxd5 exd5 11. Re1 Ne5 12. Nbd2 Qc7 13. e4 dxe4 14. dxe4 Nfd7 15. Nd4 Nc5 16. Bc3 a5 17. f4 Ned3 18. Re3 Nb4 19. Qd1 Nd5 20. Rf3 Nxe4 21. Nxe4 Rxe4 22. Rd3 Nxc3 23. Rxc3 Re7 24. Nxc6 bxc6 25. Rxc6 Qa7+ 26. Kh1 Bc7 27. Rxc7 Qxc7 28. Bxa8 Bb7+ 29. Bxb7 Qxb7+ 30. Kg1 Qb6+ 31. Kg2 Qc6+ 32. Kg1 Qb6+ 33. Kg2 Qc6+ 34. Kg1 Qb6+ 1/2-1/2